Description

Mothership VR Crazy

Replay - Distant Plane (23)

Build Order

Get SALT Encoding   

  12  0:02  Probe (Chrono Boost)  
  13  0:13  Probe (Chrono Boost)  
  14  0:25  Probe (Chrono Boost)  
  15  0:29  Pylon  
  15  0:37  Assimilator  
  15  0:48  Probe (Chrono Boost)  
  16  0:58  Probe (Chrono Boost)  
  17  1:08  Nexus  
  17  1:14  Probe (Chrono Boost)  
  18  1:24  Probe (Chrono Boost)  
  19  1:30  Assimilator  
  19  1:35  Gateway  
  19  1:38  Probe (Chrono Boost)  
  20  1:48  Probe (Chrono Boost)  
  21  1:59  Probe (Chrono Boost)  
  22  2:17  Probe (Chrono Boost)  
  22  2:21  Probe (Chrono Boost)  
  24  2:26  Cybernetics Core  
  24  2:31  Probe (Chrono Boost)  
  25  2:38  Probe (Chrono Boost)  
  25  2:42  Probe (Chrono Boost)  
  27  2:44  Assimilator  
  27  2:47  Assimilator  
  27  2:48  Probe (Chrono Boost)  
  28  3:01  Probe (Chrono Boost)  
  28  3:02  Probe (Chrono Boost)  
  30  3:07  Pylon  
  30  3:12  Probe (Chrono Boost)  
  32  3:13  Probe (Chrono Boost)  
  32  3:27  Stargate  
  32  3:28  Stargate  
  32  3:30  Stargate  
  32  3:33  Probe (Chrono Boost)  
  32  3:34  Probe (Chrono Boost)  
  34  3:43  Probe (Chrono Boost)  
  34  3:44  Probe (Chrono Boost)  
  36  3:50  Pylon  
  36  3:53  Pylon  
  36  3:55  Pylon, Probe (Chrono Boost)  
  37  3:56  Probe (Chrono Boost)  
  38  4:06  Probe (Chrono Boost)  
  38  4:07  Probe (Chrono Boost)  
  40  4:27  Void Ray x3  
  40  4:30  Probe (Chrono Boost)  
  53  4:41  Probe (Chrono Boost)  
  53  4:43  Fleet Beacon  
  54  4:48  Mothership Core (Chrono Boost)  
  56  5:13  Void Ray x3  
  68  5:23  Pylon  
  74  5:50  Pylon  
  74  5:51  Pylon  
  74  5:53  Pylon  
  74  6:08  Void Ray  
  74  6:09  Void Ray x2  
  86  6:51  Void Ray x2  
  86  6:52  Void Ray  
  98  7:18  Pylon  
  98  7:19  Pylon  
  98  7:21  Pylon  
  92  7:23  Pylon  
  92  7:25  Pylon  
  77  7:36  Void Ray x2  
  85  8:19  Void Ray  
  69  8:32  Void Ray  
Spawning Tool Build Advisor. Get it on Overwolf

Go to:

Details

  • Created by: sackzii
  • Published on: Dec 12, 2016
  • Modified on: Dec 12, 2016
  • Patch: 3.8.0
Show
View Real Time Build Order
Export as new Build Order

Comments (2)

On Dec. 22, 2016, 10:43 p.m., paulioester  said:

Fleet Beacon is required for Mothership.

On Dec. 17, 2016, 1 p.m., Carq  said:

53 4:43 Fleet Beacon, why?

You do not use any technology from Fleet Beacon in this build.

Create an account to comment!